AoeStats
← msheehandub

Northern Isles

510399420Analyzed
1v1 RM · 1d ago on Sep 30, 2026· 43m 41s· 2 players
Game mode
Random Map
Map size
Tiny (2 player)
Population
200
Speed
Normal
Resources
Standard
Victory
Conquest
Starting age
Dark Age
Ending age
Imperial Age
RankedLock teamsTeams togetherTeam positionsShared explorationLock speedFull tech treeHidden civsTurbo modeCheats
Victory
Defeat
🇨🇦 Teutons · Canada
828
+16
🇸🇦 Koreans · Saudi Arabia
836
-16
ApeLady
6:06 Loom
10:14 Feudal Age
11:46 Man-at-Arms
13:12 Scale Mail Armor
14:13 Arson
17:10 Forging
17:57 Fletching
25:46 Castle Age
25:28 Town Watch
25:51 Double-Bit Axe
25:50 Long Swordsman
26:47 Chain Mail Armor
26:39 Gambesons
28:28 Squires
29:14 Iron Casting
34:15 Wheelbarrow
35:57 Stone Mining
37:59 Hand Cart
40:27 Bodkin Arrow
43:32 Imperial Age
40:31 Pikeman
43:03 Gold Mining
msheehandub
10:55 Feudal Age
11:26 Stone Mining
14:38 Double-Bit Axe
16:38 Fletching
21:50 Castle Age
23:37 Wheelbarrow
33:50 Gold Mining
37:06 Scale Barding Armor
43:35 Crossbowman
Connection lost

Rejoining the realm…

Still unreachable

The connection could not be restored.

Session expired

The server has moved on; the page needs a fresh start.